 Dungeon Crawl Stone Soup version bcrawl-1.41.1 (webtiles) character file.

Game seed: 18106599569935568586

148995 Yshiel the Chiller (level 5, -3/37 HPs)
             Began as a Gnoll Ice Elementalist on Apr 26, 2024.
             Was an Initiate of Okawaru.
             Killed by divine providence
             ... invoked by an orc priest
              (11 damage)
             ... on level 3 of the Dungeon.
             The game lasted 00:16:16 (2096 turns).

Yshiel the Chiller (Gnoll Ice Elementalist)         Turns: 2096, Time: 00:16:17

Health: -3/37      AC:  5    Str: 10    XL:     5   Next: 15%
Magic:  10/12      EV: 15    Int: 18    God:    Okawaru [......]
Gold:   152        SH:  0    Dex: 16    Spells: 13/14 levels left

rFire    . . .     GDR:     29% b - +2 dagger (holy)
rCold    . . .     SeeInvis .   (no shield)
rNeg     . . .     Gourm    .   a - +0 robe
rPois    .         Faith    .   (no helmet)
rElec    .         Spirit   .   y - +1 cloak
rCorr    .         Reflect  .   d - +0 pair of gloves
MR       .....                  (no boots)
Stlth    +++.......             (no amulet)
HPRegen  0.16/turn              j - ring of flight
MPRegen  0.13/turn              (no ring)

@: no status effects
A: distributed training, fangs 1, strong nose
a: Renounce Religion, Evoke Flight


You were on level 3 of the Dungeon.
You worshipped Okawaru.
Okawaru was noncommittal.
You were not hungry.

You visited 1 branch of the dungeon, and saw 3 of its levels.

You collected 152 gold pieces.

Inventory:

Hand Weapons
 b - a +2 dagger of holy wrath (weapon)
 v - a +1 whip of pain
Missiles
 g - 481 stones (quivered)
 m - 583 sling bullets
 t - 358 arrows
Armour
 a - a +0 robe (worn)
 d - a +0 pair of gloves (worn)
 k - a cursed +0 ring mail
 y - a +1 cloak (worn)
Jewellery
 j - a ring of flight (left hand)
 o - a cursed -3 ring of protection {unknown}
 w - an uncursed amulet of the gourmand {unknown}
Wands
 c - a wand of iceblast (1)
Scrolls
 f - a scroll of remove curse {unknown}
 h - a scroll of noise {unknown}
 i - a scroll of identify
 r - a scroll of revelation {unknown}
 x - a scroll of teleportation {unknown}
Potions
 l - a potion of flight {unknown}
 n - a potion of haste {unknown}
 q - 3 potions of curing {unknown}
 s - 3 potions of heal wounds {unknown}
 u - a potion of might {unknown}
 z - a potion of resistance {unknown}
Comestibles
 e - 4 rations {!d}
 p - 9 chunks of flesh


   Skills:
 + Level 1.3 Fighting
 + Level 1.3 Short Blades
 + Level 1.3 Long Blades
 + Level 1.3 Axes
 + Level 1.3 Maces & Flails
 + Level 1.3 Polearms
 + Level 1.3 Staves
 + Level 1.3 Slings
 + Level 1.3 Bows
 + Level 1.3 Crossbows
 + Level 1.3 Throwing
 + Level 1.3 Armour
 + Level 4.7 Dodging
 + Level 4.7 Stealth
 + Level 1.3 Shields
 + Level 1.3 Unarmed Combat
 + Level 5.1 Spellcasting
 + Level 2.3 Conjurations
 + Level 1.1 Hexes
 + Level 1.1 Charms
 + Level 1.1 Summonings
 + Level 1.1 Necromancy
 + Level 1.1 Translocations
 + Level 1.1 Transmutations
 + Level 1.1 Fire Magic
 + Level 5.5 Ice Magic
 + Level 1.1 Air Magic
 + Level 1.1 Earth Magic
 + Level 1.1 Poison Magic
 + Level 1.5 Invocations
 + Level 1.3 Evocations


You had 13 spell levels left.
You knew the following spells:

 Your Spells              Type           Power        Failure   Level  Hunger
a - Freeze                Ice            ###...       1%          1    None

Your spell library contained the following spells:

 Spells                   Type           Power        Failure   Level  Hunger
 Throw Frost              Conj/Ice       ###...       1%          2    None
 Ozocubu's Armour         Chrm/Ice       ###.....     10%         3    ###....
 Throw Icicle             Conj/Ice       ###.....     26%         4    ####...
 Ice Form                 Ice/Tmut       ###.....     32%         4    ####...
 Summon Ice Beast         Ice/Summ       ###.....     32%         4    ####...


Dungeon Overview and Level Annotations

Branches:
Dungeon (3/12)

Altars:
Ashenzari
Elyvilon
Fedhas
Okawaru
Qazlal
Vehumet
Wu Jian
Xom


Innate Abilities, Weirdness & Mutations

Your experience applies equally to all skills.
You have very sharp teeth.
Your uncanny sense of smell can sniff out nearby items.


Message History

Aiming: Freeze (safe; 1% risk of failure)
Press: ? - help, Shift-Dir - straight line, f - orc priest
Aim: an orc priest, wielding a +0 whip You freeze the orc priest.
The orc priest is lightly wounded.
The orc barely misses you. x2; The orc hits you with a +0 club.
Casting: Freeze (safe; 1% risk of failure)
Confirm with . or Enter, or press ? or * to list all spells.
Aiming: Freeze (safe; 1% risk of failure)
Press: ? - help, Shift-Dir - straight line, f/p - orc priest
Aim: an orc priest, wielding a +0 whip (lightly wounded)
You freeze the orc priest.
The orc priest is severely wounded.
The orc hits you with a +0 short sword.
* * * LOW HITPOINT WARNING * * *
The orc barely misses you. The orc priest barely misses you.
The orc closely misses you.
The orc priest invokes the aid of Beogh against you.
Beogh smites you!
You die...

....oo#### #.o)o.#
#.###o# #)#
.##+#####+###.######
.............รท.....#
.......o......####.#
.......o......# #o#
......oo@.....# #.#
.##+#####'########.#
#.# #..........# #.
#.# #..#########
#.##.# #..# #.##.#
#..# #.##.# #..#
#.##.# #..# .# #.##.#
#..#


You could see an orc priest and 3 orcs.

Vanquished Creatures
  An orc wizard (D:3)
  2 oozes
  An adder skeleton (D:2)
  2 worms (D:2)
  2 dart slugs
  5 leopard geckos
  8 orcs (D:3)
  A giant cockroach (D:1)
  8 hobgoblins
  A jackal (D:1)
  10 kobolds
  6 quokkas
  4 bats
  7 frilled lizards
  3 goblins
  9 rats
70 creatures vanquished.

Notes
Turn   | Place    | Note
-------+----------+-------------------------------------------
     0 | D:1      | Yshiel the Gnoll Ice Elementalist began the quest for the
                  | Orb.
     0 | D:1      | Reached XP level 1. HP: 13/13 MP: 6/6
    79 | D:1      | Reached XP level 2. HP: 19/19 MP: 2/7
   556 | D:1      | Reached XP level 3. HP: 20/25 MP: 1/9
   729 | D:1      | Reached skill level 5 in Spellcasting
   969 | D:2      | Reached skill level 1 in Invocations
  1014 | D:2      | Reached skill level 1 in Fighting
  1014 | D:2      | Reached skill level 1 in Short Blades
  1014 | D:2      | Reached skill level 1 in Long Blades
  1014 | D:2      | Reached skill level 1 in Axes
  1014 | D:2      | Reached skill level 1 in Maces & Flails
  1014 | D:2      | Reached skill level 1 in Polearms
  1014 | D:2      | Reached skill level 1 in Staves
  1014 | D:2      | Reached skill level 1 in Slings
  1014 | D:2      | Reached skill level 1 in Bows
  1014 | D:2      | Reached skill level 1 in Crossbows
  1014 | D:2      | Reached skill level 1 in Throwing
  1014 | D:2      | Reached skill level 1 in Armour
  1014 | D:2      | Reached skill level 1 in Shields
  1014 | D:2      | Reached skill level 1 in Unarmed Combat
  1014 | D:2      | Reached skill level 1 in Evocations
  1156 | D:2      | Reached XP level 4. HP: 32/32 MP: 11/11
  1284 | D:2      | Found a shattered altar of Ashenzari.
  1287 | D:2      | Found an ornate altar of the Wu Jian Council.
  1297 | D:2      | Found an iron altar of Okawaru.
  1297 | D:2      | Found a shimmering altar of Xom.
  1297 | D:2      | Found a radiant altar of Vehumet.
  1300 | D:2      | Found a blossoming altar of Fedhas.
  1302 | D:2      | Found a white marble altar of Elyvilon.
  1303 | D:2      | Found a stormy altar of Qazlal.
  1306 | D:2      | Became a worshipper of Warmaster Okawaru
  1961 | D:3      | Reached skill level 1 in Hexes
  1961 | D:3      | Reached skill level 1 in Charms
  1961 | D:3      | Reached skill level 1 in Summonings
  1961 | D:3      | Reached skill level 1 in Necromancy
  1961 | D:3      | Reached skill level 1 in Translocations
  1961 | D:3      | Reached skill level 1 in Transmutations
  1961 | D:3      | Reached skill level 1 in Fire Magic
  1961 | D:3      | Reached skill level 1 in Air Magic
  1961 | D:3      | Reached skill level 1 in Earth Magic
  1961 | D:3      | Reached skill level 1 in Poison Magic
  1964 | D:3      | Reached XP level 5. HP: 23/37 MP: 4/12
  2096 | D:3      | Killed from afar by an orc priest

Skill      XL: |  1  2  3  4 |
---------------+-------------+-----
Conjurations   | 2 |  2.3
Spellcasting   | 5 |  5.1
Invocations    | 1 |  1.5
Fighting       | 1 |  1.3
Short Blades   | 1 |  1.3
Long Blades    | 1 |  1.3
Axes           | 1 |  1.3
Maces & Flails | 1 |  1.3
Polearms       | 1 |  1.3
Staves         | 1 |  1.3
Slings         | 1 |  1.3
Bows           | 1 |  1.3
Crossbows      | 1 |  1.3
Throwing       | 1 |  1.3
Armour         | 1 |  1.3
Shields        | 1 |  1.3
Unarmed Combat | 1 |  1.3
Evocations     | 1 |  1.3
Hexes          | 1 |  1.1
Charms         | 1 |  1.1
Summonings     | 1 |  1.1
Necromancy     | 1 |  1.1
Translocations | 1 |  1.1
Transmutations | 1 |  1.1
Fire Magic     | 1 |  1.1
Air Magic      | 1 |  1.1
Earth Magic    | 1 |  1.1
Poison Magic   | 1 |  1.1
Dodging        | |  4.7
Stealth        | |  4.7
Ice Magic      | |  5.5

Action                   |  1- 3 |  4- 6 || total
-------------------------+-------+-------++-------
Melee: Dagger            |    39 |    27 ||    66
       Bite              |     4 |       ||     4
 Cast: Freeze            |    42 |    24 ||    66
  Use: Scroll            |     1 |       ||     1
 Stab: Sleeping          |     8 |     6 ||    14
  Eat: Chunk             |     1 |     6 ||     7
Armor: Robe              |    15 |     8 ||    23
Dodge: Dodged            |    44 |    28 ||    72
